 Dungeon Crawl Stone Soup version 0.18.1-8-gdd0e5ea (webtiles) character file.

60 ashleybeshir the Insei (level 3, -4/29 HPs)
             Began as a Demonspawn Monk on May 10, 2016.
             Killed from afar by a dart slug (5 damage)
             ... with a slug dart
             ... on level 2 of the Dungeon on May 26, 2016.
             The game lasted 00:07:16 (1299 turns).

ashleybeshir the Insei (Demonspawn Monk)            Turns: 1299, Time: 00:07:18

Health: -4/29      AC:  5    Str: 12    XL:     3   Next: 82%
Magic:  3/3        EV: 11    Int: 11    God:
Gold:   94         SH:  0    Dex: 15    Spells: 0 memorised, 2 levels left

rFire  . . .     SeeInvis .     f - +0 club
rCold  . . .     Gourm    .     d - +0 ring mail (curse)
rNeg   . . .     Faith    .     (no shield)
rPois  .         Spirit   .     (no helmet)
rElec  .         Dismiss  .     (no cloak)
rCorr  .         Reflect  .     (no gloves)
SustAt .         Harm     .     (no boots)
MR     .....                    (no amulet)
Stlth  +.........               (no ring)
                                (no ring)

@: lethally poisoned (-4 -> -12), not resistant to hostile enchantments, very
unstealthy
A: claws 1, hooves 1
a: no special abilities


You were on level 2 of the Dungeon.
You were not hungry.

You visited 1 branch of the dungeon, and saw 2 of its levels.

You collected 94 gold pieces.

Inventory:

Hand Weapons
 f - a +0 club (weapon)
 q - a +0 club
Missiles
 c - 46 stones (quivered)
Armour
 a - a +0 robe
 d - a cursed +0 ring mail (worn)
 u - a +0 leather armour
Jewellery
 b - an uncursed amulet of dismissal {unknown}
 e - an uncursed ring of wizardry {unknown}
 m - an uncursed ring of protection from cold {unknown}
 n - an uncursed ring of protection from cold {unknown}
Scrolls
 k - a scroll of recharging {unknown}
 p - a scroll of enchant weapon {unknown}
 r - a scroll of teleportation {unknown}
 s - a scroll of enchant armour {unknown}
Potions
 i - a potion of haste
 o - 2 potions of invisibility {unknown}
Miscellaneous
 g - a plain deck of defence
Comestibles
 h - a beef jerky
 j - 3 meat rations
 l - 2 fruits
 t - a slice of pizza


   Skills:
 + Level 3.6 Fighting
 + Level 0.5 Armour
 + Level 3.1 Dodging
 + Level 1.8 Stealth
 + Level 4.1 Unarmed Combat


You had 2 spell levels left.
You didn't know any spells.

Dungeon Overview and Level Annotations

Branches:
Dungeon (2/15)

Altars:
Nemelex Xobeh


Innate Abilities, Weirdness & Mutations

You have sharp fingernails.
You have large cloven feet.


Message History

You are more poisoned.
The adder poisons you!
You hit the adder but do no damage.
The adder is heavily wounded.
* * * LOW HITPOINT WARNING * * *
You feel sick. The adder bites you but does no damage.
You closely miss the adder. Your kick misses the adder.
The adder is heavily wounded.
* * * LOW HITPOINT WARNING * * *
You feel sick. The adder bites you but does no damage. The adder bites you.
* * * LOW HITPOINT WARNING * * *
Unknown command.
You hit the adder.
The adder is severely wounded.
* * * LOW HITPOINT WARNING * * *
You feel sick. The adder bites you but does no damage.
The adder closely misses you. The dart slug launches a dart at you.
The slug dart hits you!
You die...

#...## ##...#......†..#
.....
#....###....#.####.##.#
##.##
#....††.....#####.....#
#############......#..#
#...##.....####..#..#
#..........####.##..#
#...##..#####...##..#
#.....#...##.)### ..#
#...#.###...@## ..#
#...#.#####wS#####..#
#####...####........#
###.............#
#####.........#
.....#........#
..............#
......#........#
...............#


You could see an adder and a dart slug.

Vanquished Creatures
  A giant cockroach (D:1)
  10 goblins
  2 hobgoblins (D:1)
  2 jackals (D:1)
  A quokka (D:2)
  4 bats
  2 giant newts
  6 kobolds
  38 rats
66 creatures vanquished.

Notes
Turn   | Place    | Note
--------------------------------------------------------------
     0 | D:1      | ashleybeshir the Demonspawn Monk began the quest for the Orb.
     0 | D:1      | Reached XP level 1. HP: 18/18 MP: 1/1
   192 | D:1      | Found a sparkling altar of Nemelex Xobeh.
   312 | D:1      | Gained mutation: You have sharp fingernails. [demonic ancestry]
   312 | D:1      | Reached XP level 2. HP: 23/24 MP: 2/2
   852 | D:2      | Upgraded the game from 0.18.1-5-g4a78601 to 0.18.1-8-gdd0e5ea
   852 | D:2      | Gained mutation: You have large cloven feet. [demonic ancestry]
   852 | D:2      | Reached XP level 3. HP: 29/29 MP: 3/3
  1104 | D:2      | Reached skill level 4 in Unarmed Combat
  1299 | D:2      | HP: 1/29 [poisoned by an adder]
  1299 | D:2      | Killed from afar by a dart slug

Skill      XL: |  1  2  3 |
---------------+----------+-----
Dodging        | 3 |  3.1
Unarmed Combat | 4 |  4.1
Fighting       | |  3.6
Armour         | |  0.5
Stealth        | |  1.8

Action                   || total
-------------------------++-------
Melee: Unarmed           ||   155
       Punch             ||     2
       Club              ||    20
       Kick              ||    18
 Stab: Sleeping          ||     1
  Eat: Bread ration      ||     1
Armor: Ring mail         ||    88
Dodge: Dodged            ||   105
